cohdb
Replays
Latest Replays
All Replays
Popular Replays
Top Player Replays
Match Explorer
How It Works
Community
CoH3 Stats
Reddit
Sign in to upload your games and track your stats! →
Sign in with Steam
Match 41993576
Unlisted
Match 41993576
Overview
Messages
Build Orders
End
Pioneer Squad
Construct Infanterie Kompanie
Selects Luftwaffe Battlegroup
Grenadier Squad
MG 42 Machine Gun Team
Grenadier Squad
Selects Stuka Strafing Run
Construct Luftwaffe Kompanie
Jäger Squad
Selects Fallschirmjäger Squad Paradrop
Fallschirmjäger Squad Paradrop
Medical Station
Flak 30 Anti-aircraft Gun Team
Selects Luftwaffe Pioneer Support
Selects LG40 Recoilless Gun Paradrop
Support Elements
Marder III M Tank Destroyer
Pioneer Squad
Selects Infantry Reserves
Fallschirmjäger Squad Paradrop
Stuka Strafing Run
Wirbelwind Flakpanzer
Quetzalcoatl
KevinTDW
0
0
Comments
sign in to comment!
No comments posted yet!